 Dungeon Crawl Stone Soup version 0.19.4-9-g45fd643 (webtiles) character file.

118 empire the Grasshopper (level 4, 0/33 HPs)
             Began as a Demonspawn Warper on Feb 22, 2017.
             Succumbed to a kobold's poison
             ... on level 3 of the Dungeon.
             The game lasted 00:06:45 (2711 turns).

empire the Grasshopper (Demonspawn Warper)          Turns: 2711, Time: 00:06:46

Health: 0/33       AC:  9    Str: 13    XL:     4   Next: 72%
Magic:  7/7        EV: 12    Int: 19    God:
Gold:   108        SH:  0    Dex: 12    Spells: 2 memorised, 4 levels left

rFire  + + .     SeeInvis .     a - +0 falchion
rCold  + + .     Gourm    .     b - +0 leather armour
rNeg   . . .     Faith    .     (no shield)
rPois  +         Spirit   .     (no helmet)
rElec  +         Reflect  .     (no cloak)
rCorr  +         Harm     .     (no gloves)
MR     .....                    (no boots)
Stlth  +.........               (no amulet)
                                (no ring)
                                i - ring of protection from cold

@: brilliant, lethally poisoned (0 -> -2), resistant, sanguine armour, flying,
very slightly contaminated, invisible
A: demonic guardian 1, fire resistance 1, sanguine armour 1
a: no special abilities


You were on level 3 of the Dungeon.
You were not hungry.

You visited 1 branch of the dungeon, and saw 3 of its levels.

You collected 108 gold pieces.

Inventory:

Hand Weapons
 a - a +0 falchion (weapon)
Missiles
 e - 5 tomahawks of dispersal (quivered)
Armour
 b - a +0 leather armour (worn)
 j - a +1 chain mail of fire resistance
Jewellery
 i - a ring of protection from cold (left hand)
Wands
 s - a wand of random effects (12/48)
Scrolls
 d - a scroll of blinking
 g - 2 scrolls of identify {unknown}
 l - a scroll of immolation {unknown}
 m - 2 scrolls of magic mapping {unknown}
 q - 2 scrolls of fog {unknown}
 r - a scroll of remove curse {unknown}
 v - a scroll of enchant weapon {unknown}
Potions
 o - 2 potions of flight
Books
 c - a book of Spatial Translocations

   Spells                             Type                      Level
   a - Blink                          Translocation                2
   b - Shroud of Golubria             Charms/Translocation         2
   c - Lesser Beckoning               Translocation                3
   d - Portal Projectile              Translocation                3
   e - Teleport Other                 Translocation                3
   f - Passage of Golubria            Translocation                4
Comestibles
 f - a bread ration
 n - a slice of pizza
 p - a chunk of flesh
 u - a royal jelly


   Skills:
 - Level 2.0 Fighting
 + Level 2.8 Long Blades
 - Level 0.8 Throwing
 + Level 2.4 Armour
 - Level 1.7 Dodging
 - Level 2.5 Spellcasting
 + Level 1.0 Charms
 - Level 3.0 Translocations
 + Level 0.4 Evocations


You had 4 spell levels left.
You knew the following spells:

 Your Spells              Type           Power        Failure   Level  Hunger
a - Blink                 Tloc           N/A          1%          2    ##.....
b - Shroud of Golubria    Chrm/Tloc      ###.......   1%          2    ##.....


Dungeon Overview and Level Annotations

Branches:
Dungeon (3/15)

Altars:
Trog

Annotations:
D:3 vatarom's ghost, amateur FoCK


Innate Abilities, Weirdness & Mutations

A weak demonic guardian rushes to your aid.
Your flesh is heat resistant. (rF+)
When seriously injured, your bleeding wounds create armour. (AC +6)


Message History

Your ufetubus closely misses vatarom's ghost.
Your ufetubus completely misses vatarom's ghost.
Evoke which item? (* to show all) (? for menu, Esc to quit)
Zapping:
s - a wand of random effects (will waste charges)
Press: ? - help, Shift-Dir - straight line, f - vatarom's ghost
Aim: vatarom's ghost, wielding a weapon of chaos (heavily damaged)
Okay, then.
Your ufetubus hits vatarom's ghost.
Your ufetubus closely misses vatarom's ghost.
Vatarom's ghost hits your ufetubus.
Your ufetubus hits vatarom's ghost but does no damage. x2
You see here a poisoned needle.
Evoke which item? (* to show all) (? for menu, Esc to quit)
Zapping:
s - a wand of random effects (will waste charges)
Press: ? - help, Shift-Dir - straight line, f - vatarom's ghost
Aim: vatarom's ghost, wielding a weapon of chaos (severely damaged)
Okay, then.
Vatarom's ghost hits something but does no damage.
Something disappears in a puff of smoke!
You die...

#.#.##..####.......#....#
#.#.......................
#.#..#.#####..............
#.#..#.# #......########
#.#..#.# #.###### #.#..#.#
#.# #.#..#.. ..#
#.#..###################
#...>...(@.(.(.).W5....##
############.#########..#
#.# ##.# #.# #.# #.#
#####†## #.. #......) #..
#....... #.. #.......
#.......


There were no monsters in sight!

Vanquished Creatures
  3 adders
  2 oozes (D:1)
  A worm (D:2)
  3 dart slugs
  3 orcs (D:3)
  A bat (D:2)
  5 giant cockroaches
  8 goblins
  4 hobgoblins (D:1)
  8 jackals
  3 quokkas (D:2)
  A ball python (D:1)
  2 frilled lizards
  14 kobolds
  8 rats
66 creatures vanquished.

Vanquished Creatures (collateral kills)
  A rat (D:3)
1 creature vanquished.

Grand Total: 67 creatures vanquished

Notes
Turn   | Place    | Note
-------+----------+-------------------------------------------
     0 | D:1      | empire the Demonspawn Warper began the quest for the Orb.
     0 | D:1      | Reached XP level 1. HP: 16/16 MP: 3/3
    56 | D:1      | Reached skill level 1 in Armour
   173 | D:1      | Gained mutation: Your flesh is heat resistant. (rF+) [demonic ancestry]
   173 | D:1      | Reached XP level 2. HP: 13/22 MP: 5/5
   530 | D:1      | Gained mutation: A weak demonic guardian rushes to your aid. [demonic ancestry]
   530 | D:1      | Reached XP level 3. HP: 22/27 MP: 6/6
   952 | D:1      | Learned a level 2 spell: Blink
   955 | D:1      | Learned a level 2 spell: Shroud of Golubria
  1487 | D:2      | Reached skill level 3 in Translocations
  1722 | D:2      | Gained mutation: When seriously injured, your bleeding wounds create armour. (AC +6) [demonic ancestry]
  1722 | D:2      | Reached XP level 4. HP: 31/33 MP: 7/7
  2460 | D:3      | Found a bloodstained altar of Trog.
  2475 | D:3      | Reached skill level 1 in Charms
  2684 | D:3      | Noticed vatarom's ghost (amateur FoCK)
  2703 | D:3      | HP: 1/33 [poisoned by a kobold]
  2711 | D:3      | Succumbed to a kobold's poison

Skill      XL: |  1  2  3  4 |
---------------+-------------+-----
Armour         | 1 2 |  2.4
Long Blades    | 2 |  2.8
Translocations | 3 |  3.0
Charms         | 1 |  1.0
Fighting       | |  2.0
Throwing       | |  0.8
Dodging        | |  1.7
Spellcasting   | |  2.5
Evocations     | |  0.4

Action                   |  1- 3 |  4- 6 || total
-------------------------+-------+-------++-------
Melee: Falchion          |   193 |    65 ||   258
  Use: Potion            |       |     4 ||     4
  Eat: Chunk             |     3 |     3 ||     6
Armor: Leather armour    |    60 |    17 ||    77
Dodge: Dodged            |   142 |    54 ||   196
       Rpst.: Falchion   |    45 |    24 ||    69
